 Dungeon Crawl Stone Soup version 0.31.0-9-g3a7656b989 (webtiles) character file.

Game seed: 8202790337463506953

72 qw the Shooter (level 4, -16/22 HPs)
             Began as a Spriggan Hunter on Feb 2, 2024.
             Demolished by a kobold
             ... wielding a +0 short sword of electrocution
              (20 damage)
             ... on level 2 of the Dungeon.
             The game lasted 00:00:23 (1193 turns).

qw the Shooter (Spriggan Hunter)                    Turns: 1193, Time: 00:00:23

Health: -16/22     AC:  2    Str:  7    XL:     4   Next: 6%
Magic:  0/5        EV: 19    Int: 10    God:
Gold:   30         SH:  0    Dex: 20    Spells: 3/3 levels left

rFire   . . .        a - +0 shortbow (flame)
rCold   + . .        (shield currently unavailable)
rNeg    . . .        c - +0 robe
rPois   .            (helmet restricted)
rElec   .            (no cloak)
rCorr   .            (gloves unavailable)
SInv    +            (boots unavailable)
Will    .....        h - amulet of guardian spirit
Stlth   ++           g - ring of protection from cold
HPRegen 0.23/turn    (no ring)
MPRegen 0.09/turn

%: guardian spirit
@: very quick
A: very small, no large weapons, unfitting armour, see invisible, speed 3
a: no special abilities


You were on level 2 of the Dungeon.
You visited 1 branch of the dungeon, and saw 3 of its levels.

You collected 30 gold pieces.


Innate Abilities, Weirdness & Mutations

You are very small and have problems with some larger weapons.
You are too small for most types of armour.
You have supernaturally acute eyesight. (SInv)
You cover ground extremely quickly. (Speed+++)


   Skills:
 - Level 1.5 Fighting
 - Level 5.0 Ranged Weapons
 + Level 4.3 Dodging
 - Level 1.5 Stealth


You had 3 spell levels left.
You didn't know any spells.
Your spell library was empty.

Inventory:

Hand Weapons
 a - a +0 shortbow of flaming (weapon)
Armour
 c - a +0 robe (worn)
Jewellery
 g - a ring of protection from cold (left hand)
 h - an amulet of guardian spirit (around neck)
Scrolls
 f - a scroll of identify
Potions
 b - a potion of brilliance {unknown}
 d - a potion of mutation
 e - a potion of magic {unknown}

Dungeon Overview and Level Annotations

Branches:
Dungeon (3/15)

Altars:


Message History

The kobold shouts! x2
A kobold comes into view. It is wielding a +0 short sword.
The kobold shouts! x4
Found 16 gold pieces.
You shoot an arrow. The arrow misses the kobold.
The kobold throws a stone.
The stone misses you.
You shoot an arrow. The arrow closely misses the kobold.
The kobold throws a stone.
The stone barely misses you. The kobold closely misses you.
You shoot an arrow. The arrow barely misses the kobold.
The kobold completely misses you. x2
You shoot an arrow. The arrow barely misses the kobold.
The arrow completely misses the kobold.
The arrow hits the kobold.
The arrow burns the kobold.
The kobold is severely wounded.
The kobold barely misses you.
The kobold hits you with a +2 vampiric dagger.
You shoot an arrow. The arrow closely misses the kobold.
The kobold hits you with a +0 short sword.
The kobold closely misses you. x2; The kobold barely misses you.
You shoot an arrow. The arrow closely misses the kobold.
The kobold misses you. The kobold hits you with a +0 club.
The kobold closely misses you. The kobold barely misses you.
You shoot an arrow. The arrow hits the kobold!
The arrow burns the kobold.
You kill the kobold!
The kobold hits you with a +0 whip. The kobold closely misses you.
The kobold hits you but does no damage.
You shoot an arrow. The arrow hits the kobold!
The arrow burns the kobold.
You kill the kobold!
The kobold barely misses you.
The kobold hits you with a +2 vampiric dagger.
You shoot an arrow. The arrow hits the kobold.
The arrow burns the kobold.
You kill the kobold!
The kobold hits you with a +0 whip. The kobold misses you.
The kobold barely misses you. The kobold hits you with a +0 whip.
The kobold hits you with a +2 vampiric dagger.
The kobold hits you with a +0 short sword of electrocution.
You are electrocuted!!
Ouch! That really hurt!
You die...

# ##.#### # #.....# #
#.....# # #.....#
#.....# #.....#
#.....#######
##'#........#
############...K@)..#.
.............###KK'##
###########.## #...#
... ......#.# .....#
.#####..#.#.# ......#
...........<# $......#
#...#####.#.# .......#
..%.....#...##.......#
###.###.#..##


You could see 3 kobolds.

Vanquished Creatures
  Terence (D:2)
  4 dart slugs
  2 endoplasms (D:1)
  3 giant cockroaches
  5 goblins
  3 hobgoblins (D:1)
  A ball python (D:1)
  3 bats (D:2)
  2 frilled lizards (D:2)
  7 kobolds
  7 rats
38 creatures vanquished.

Notes
Turn   | Place    | Note
-------+----------+-------------------------------------------
     0 | D:1      | qw the Spriggan Hunter began the quest for the Orb.
     0 | D:1      | Reached XP level 1. HP: 10/10 MP: 2/2
     0 | D:1      | 0 ||| qw: Version: 0.3-a-155-g5e7d8dd
     0 | D:1      | 0 ||| qw: Game counter: 2860
     0 | D:1      | 0 ||| qw: Melee chars always use a shield: true
     0 | D:1      | 0 ||| qw: God list: Okawaru
     0 | D:1      | 0 ||| qw: Allow faded altars: false
     0 | D:1      | 0 ||| qw: Do Orc after clearing Dungeon:15 true
     0 | D:1      | 0 ||| qw: Do second Lair branch before Depths: true
     0 | D:1      | 0 ||| qw: Lair rune preference: random
     0 | D:1      | 0 ||| qw: Goals: Normal
     0 | D:1      | 0 ||| PLANNING D:1-11
   221 | D:1      | Reached skill level 3 in Dodging
   360 | D:1      | Reached XP level 2. HP: 14/14 MP: 3/3
   801 | D:1      | 801 ||| UPGRADING to amulet of guardian spirit.
   806 | D:1      | 806 ||| UPGRADING to ring of protection from cold.
   807 | D:1      | 807 ||| READING 2 scrolls labelled FEERUR SOSIO.
   807 | D:1      | 807 ||| IDENTIFYING murky blue potion
   808 | D:1      | 808 ||| READING scroll of identify.
   808 | D:1      | 808 ||| IDENTIFYING 2 fizzy emerald potions
   809 | D:1      | 809 ||| READING scroll labelled DAMO WYOSHROUCK.
   810 | D:1      | 810 ||| DROPPING scroll of butterflies.
   811 | D:1      | 811 ||| DROPPING 2 potions of attraction.
   936 | D:2      | You fall into a shaft and drop 1 floor!
   983 | D:3      | 983 ||| DROPPING amulet of magic regeneration.
   984 | D:3      | 984 ||| READING scroll labelled FUFOFA OCVUATT.
   984 | D:3      | 984 ||| BRANDING +0 shortbow.
   985 | D:3      | 985 ||| READING scroll labelled EGGOTU HOZ LAB.
   995 | D:3      | Reached XP level 3. HP: 18/18 MP: 4/4
   995 | D:3      | 995 ||| FLEEEEING.
   996 | D:3      | 996 ||| STAIRDANCE
   997 | D:2      | Noticed Terence
  1008 | D:2      | Killed Terence
  1068 | D:2      | Reached skill level 5 in Ranged Weapons
  1136 | D:2      | Reached XP level 4. HP: 22/22 MP: 5/5
  1193 | D:2      | HP: 4/22 [kobold/+2 vampiric dagger (3)]
  1193 | D:2      | Demolished by a kobold

Levels and vault maps discovered:
D:1:      minmay_arrival_hallway, layout_loops_corners
D:2:      cheibrodos_fertilizer, layout_basic, uniq_terence
D:3:      layout_basic

Skill      XL: |  1  2  3 |
---------------+----------+-----
Dodging        | 3 4 |  4.3
Ranged Weapons | 5 |  5.0
Fighting       | |  1.5
Stealth        | |  1.5

Action                     |  1- 3 |  4- 6 || total
---------------------------+-------+-------++-------
   Fire: Shortbow          |    79 |    13 ||    92
    Use: Scroll            |     5 |       ||     5
 Armour: Robe              |    13 |    10 ||    23
  Dodge: Dodged            |    36 |    17 ||    53

Table legend:
 A = Non-vault XP
 B = Vault XP
 C = Vault XP percentage of total XP
 D = Non-vault monster count
 E = Vault monster count
 F = Vault count percentage of total count
                 A         B        C        D         E       F
            +---------+---------+-------+---------+---------+-------
      Total |      62 |      42 |  40.4 |      34 |       4 |  10.5
            +---------+---------+-------+---------+---------+-------
        D:1 |      23 |       0 |   0.0 |      14 |       0 |   0.0
        D:2 |      32 |      42 |  56.8 |      17 |       4 |  19.0
        D:3 |       7 |       0 |   0.0 |       3 |       0 |   0.0
            +---------+---------+-------+---------+---------+-------
